 Dungeon Crawl Stone Soup version 0.17-a0-18-gc25b939 (webtiles) character file.

1861 Chiseanne the Covert (level 9, -1/61 HPs)
             Began as an Octopode Assassin on Mar 12, 2015.
             Was an Initiate of Gozag.
             Slain by a sky beast (5 damage)
             ... on level 8 of the Dungeon.
             The game lasted 00:22:51 (7726 turns).

Chiseanne the Covert (Octopode Assassin)            Turns: 7726, Time: 00:22:51

Health: -1/61      AC:  1    Str: 13    XL:     9   Next: 13%
Magic:  9/9        EV: 15    Int: 13    God:    Gozag
Gold:   645        SH:  0    Dex: 14    Spells: 0 memorised, 8 levels left

rFire  . . .     SeeInvis .     a - +2 spear (venom)
rCold  . . .     Clarity  .     (no shield)
rNeg   . . .     SustAb   .     (helmet restricted)
rPois  +         Gourm    .     (no amulet)
rElec  .         Spirit   .     x - ring of poison resistance
rCorr  .         Warding  .     C - ring of wizardry
rMut   .         Stasis   .     (no ring)
MR     .....                    (no ring)
Stlth  +++++++...               (no ring)
                                (no ring)
                                (no ring)
                                (no ring)

@: not resistant to hostile enchantments, extremely stealthy
A: almost no armour, amphibious, 8 rings, constrict 8, camouflage 1, gelatinous
body 1
a: Potion Petition, Call Merchant, Bribe Branch, Renounce Religion


You were on level 8 of the Dungeon.
You worshipped Gozag.
Gozag was noncommittal.
You were not hungry.

You visited 2 branches of the dungeon, and saw 9 of its levels.

You collected 765 gold pieces.
You paid 120 gold pieces to Gozag.

Inventory:

Hand weapons
 a - a +2 spear of venom (weapon)
 d - the +6 battleaxe "Oript" {drain, SInv}
   (You found it on level 4 of the Dungeon)

   A truly terrible weapon, it drains the life of those it strikes.
   It enhances your eyesight.
 f - a +0 club
 h - a +2 flail of protection
 s - a +2 hand axe of electrocution
 w - a +0 blowgun
Missiles
 b - 12 arrows of frost
 c - a throwing net (quivered)
 e - 16 poisoned needles
 k - 5 javelins of penetration
 m - 124 arrows
 p - 51 sling bullets
 v - 19 bolts
Jewellery
 x - a ring of poison resistance (left tentacle)
 C - a ring of wizardry (right tentacle)
Magical devices
 l - a wand of teleportation (0)
 q - a wand of confusion (25)
Scrolls
 z - 2 scrolls of remove curse
 B - 3 scrolls of identify
Potions
 n - a potion of restore abilities
 o - a potion of flight
 t - a potion of invisibility
Books
 r - a Grand Grimoire {highlevel, unknown}

   This book is beyond your current level of understanding.

   Spells                             Type                      Level
   a - Aura of Abjuration             Summoning                    6
   b - Summon Greater Demon           Summoning                    7
   c - Malign Gateway                 Summoning/Translocation      7
   d - Summon Horrible Things         Summoning                    8
Comestibles
 g - 2 bread rations
 i - 6 meat rations


   Skills:
 * Level 5.1 Fighting
   Level 2.0 Short Blades
 - Level 2.0 Throwing
 * Level 6.4 Dodging
 * Level 12.5 Stealth


You had 8 spell levels left.
You didn't know any spells.

Dungeon Overview and Level Annotations

Branches:
Dungeon (8/15)             Temple (1/1) D:5
   Lair: D:8-11

Altars:
Ashenzari
Cheibriados
Dithmenos
Elyvilon
Gozag
Makhleb
Nemelex Xobeh
Okawaru
Qazlal
Sif Muna
Trog
Vehumet
Xom
Yredelemnul
Zin
The Shining One

Shops:
D:5 :   D:8 :

Annotations:
D:4 Chiseanne's ghost, average OpAs


Innate Abilities, Weirdness & Mutations

You cannot wear most types of armour.
You are amphibious.
You can wear up to eight rings at the same time.
You can use your tentacles to constrict many enemies at once.
Your skin changes colour to match your surroundings (Stealth).
Your rubbery body absorbs attacks (AC +1).


Message History

Eustachio is heavily wounded.
You constrict Eustachio. Eustachio closely misses you.
You hit Eustachio.
Eustachio is severely wounded.
You constrict Eustachio.
Eustachio casts a spell.
You hit Eustachio. You squeeze Eustachio.
You kill Eustachio!
Your Fighting skill increases to level 5!
The iron imp disappears in a puff of smoke!
The bat disappears in a puff of smoke!
The orc priest calls down the wrath of Beogh upon you.
Something smites you!
* * * LOW HITPOINT WARNING * * *
You hear a shout! x2
You open the door. Something hits you.
* * * LOW HITPOINT WARNING * * *
Something shocks you.
You die...
Your body crumbles into a pile of gold.

.........+....'.........#
.........####+###'##....#
######+#...##.##<.......#
+...#...+..>'........# .
#...'...###+#........#
#..+####.#.......)........#
#.≈.≈..#.##+#.....#+###...#
+≈.≈.≈..o###+.....+...+...#
##...#...{@'......#...#...#
#. #..§######+###...#...#
###.# +...###'##...#
###.##+##........#...#
#...##.##........#...#
###.##.#....###'##...#
#.##.+....#........#
+....#....+........#
####'##+###........#


You could see an orc priest.

Vanquished Creatures
  Eustachio (D:8)
  2 hungry ghosts
  2 orc warriors
  4 ogres
  3 centaurs
  Blork the orc (D:7)
  A giant frog (D:6)
  A giant frog zombie (D:5)
  A hound (D:6)
  A giant frog skeleton (D:4)
  2 jellies
  2 orc wizards
  2 orc priests
  A worker ant (D:6)
  4 gnolls (D:6)
  11 adders
  A shadow imp (D:6)
  4 worms
  4 giant geckos
  3 oozes
  11 orcs
  5 giant cockroaches
  14 hobgoblins
  12 bats
  4 giant newts
  2 giant spores (D:6)
  17 goblins
  3 jackals (D:4)
  14 kobolds
  A quokka (D:5)
  15 rats
  A ballistomycete (D:6)
150 creatures vanquished.

Notes
Turn   | Place    | Note
--------------------------------------------------------------
     0 | D:1      | Chiseanne, the Octopode Assassin, began the quest for the Orb.
     0 | D:1      | Reached XP level 1. HP: 14/14 MP: 1/1
   285 | D:1      | Reached XP level 2. HP: 14/19 MP: 2/2
   477 | D:1      | Reached skill level 6 in Stealth
  1167 | D:2      | Reached XP level 3. HP: 24/24 MP: 3/3
  2002 | D:2      | Reached skill level 7 in Stealth
  2002 | D:2      | Reached XP level 4. HP: 30/30 MP: 4/4
  2330 | D:2      | Reached XP level 5. HP: 10/35 MP: 5/5
  2909 | D:3      | Reached skill level 8 in Stealth
  3700 | D:4      | Got a bloodstained battleaxe
  3779 | D:4      | Identified the +6 battleaxe "Oript" {drain, SInv} (You found it on level 4 of the Dungeon)
  3928 | D:4      | Reached XP level 6. HP: 38/41 MP: 6/6
  3942 | D:4      | Noticed an ogre
  3968 | D:4      | Killed an ogre
  3968 | D:4      | Reached skill level 9 in Stealth
  4210 | D:4      | Noticed an ogre
  4235 | D:4      | Killed an ogre
  4251 | D:4      | Noticed Chiseanne's ghost (average OpAs)
  4498 | D:5      | Entered Level 5 of the Dungeon
  4600 | D:5      | Reached XP level 7. HP: 14/46 MP: 7/7
  4811 | D:5      | Found Skydd's Book Boutique.
  4835 | D:5      | Found a staircase to the Ecumenical Temple.
  4857 | Temple   | Entered the Ecumenical Temple
  4867 | Temple   | Became a worshipper of Gozag Ym Sagoz the Greedy
  5085 | D:5      | Found a bloodstained altar of Trog.
  5232 | D:5      | Reached skill level 10 in Stealth
  5314 | D:5      | Found a shattered altar of Ashenzari.
  5539 | D:6      | Found a glowing golden altar of the Shining One.
  5539 | D:6      | Found a radiant altar of Vehumet.
  5627 | D:6      | Reached skill level 11 in Stealth
  5627 | D:6      | Reached XP level 8. HP: 53/53 MP: 8/8
  5871 | D:6      | HP: 2/53 [hungry ghost (2)]
  6020 | D:6      | Reached skill level 5 in Dodging
  6403 | D:6      | Noticed a moth of wrath
  6407 | D:6      | Found a bloodstained altar of Trog.
  6791 | D:7      | Noticed Blork the orc
  6799 | D:7      | Killed Blork the orc
  6936 | D:7      | Reached skill level 12 in Stealth
  7509 | D:8      | Found Nuon Lai's Book Shoppe.
  7679 | D:8      | Reached XP level 9. HP: 20/60 MP: 9/9
  7701 | D:8      | Noticed Eustachio
  7725 | D:8      | Killed Eustachio
  7725 | D:8      | Reached skill level 5 in Fighting
  7726 | D:8      | Slain by a sky beast

Action                   |  1- 3 |  4- 6 |  7- 9 || total
-------------------------+-------+-------+-------++-------
Melee: Dagger            |    80 |    90 |    39 ||   209
       Battleaxe         |       |    10 |    74 ||    84
       Spear             |       |       |    51 ||    51
 Fire: Blowgun           |       |     7 |    23 ||    30
Throw: Javelin           |       |       |     6 ||     6
Evoke: Wand              |       |       |     3 ||     3
  Use: Scroll            |     5 |     3 |     7 ||    15
       Potion            |     1 |     1 |     6 ||     8
 Stab: Sleeping          |    12 |    12 |    25 ||    49
       Distracted        |       |     2 |     1 ||     3
  Eat: Chunk             |     3 |     8 |       ||    11
       Bread ration      |       |       |     6 ||     6
       Beef jerky        |       |       |     1 ||     1
       Fruit             |       |       |     4 ||     4
